 Dungeon Crawl Stone Soup version 0.27-a0-1217-g8a41f320e8 (webtiles) character file.

Game seed: 15893241313310163559

378 Zonian the Conjurer (level 7, 0/47 HPs)
             Began as a Human Conjurer on June 6, 2021.
             Was a Believer of Sif Muna.
             Slain by Pikel
             ... wielding a +0 whip of freezing
              (13 damage)
             ... on level 5 of the Dungeon.
             The game lasted 00:08:43 (7476 turns).

Zonian the Conjurer (Human Conjurer)                Turns: 7476, Time: 00:08:43

Health: 0/47       AC:  2    Str:  7    XL:     7   Next: 4%
Magic:  0/12       EV: 12    Int: 20    God:    Sif Muna [**....]
Gold:   177        SH:  0    Dex: 12    Spells: 10/13 levels left

rFire    . . .     SeeInvis .   c - +1 dagger
rCold    . . .     Faith    .   (no shield)
rNeg     . . .     Spirit   .   a - +0 robe
rPois    +         Reflect  .   (no helmet)
rElec    .         Harm     .   (no cloak)
rCorr    .         Rampage  .   (no gloves)
Will     .....                  (no boots)
Stlth    ++........             (no amulet)
HPRegen  0.15/turn              l - ring of poison resistance
MPRegen  0.13/turn              (no ring)

@: no status effects
A: no striking features
a: Renounce Religion, Channel Magic


You were on level 5 of the Dungeon.
You worshipped Sif Muna.
Sif Muna was pleased with you.
You visited 1 branch of the dungeon, and saw 5 of its levels.

You collected 177 gold pieces.

Inventory:

Hand Weapons
 c - a +1 dagger (weapon)
 i - a +0 war axe
Missiles
 g - 3 atropa-tipped darts
Armour
 a - a +0 robe (worn)
Magical Staves
 f - a staff of death
 h - a staff of air
Jewellery
 l - a ring of poison resistance (left hand)
Wands
 k - a wand of digging (4)
Scrolls
 b - a scroll of teleportation
Potions
 d - 4 potions of curing
 e - a potion of attraction
 j - a potion of flight {unknown}
 m - a potion of berserk rage {unknown}
 n - a potion of invisibility {unknown}
 o - a potion of brilliance {unknown}


   Skills:
 + Level 0.7 Fighting
 + Level 1.7 Short Blades
 + Level 2.7 Dodging
 + Level 3.0 Stealth
 + Level 3.8 Spellcasting
 + Level 5.7 Conjurations


You had 10 spell levels left.
You knew the following spells:

 Your Spells              Type           Power      Damage    Failure   Level
a - Magic Dart            Conj           100%       1d8       1%          1
b - Searing Ray           Conj           52%        3d5       1%          2

Your spell library contained the following spells:

 Spells                   Type           Power      Damage    Failure   Level
 Dazzling Flash           Conj/Hex       30%        N/A       12%         3
 Stone Arrow              Conj/Erth      30%        3d8       12%         3
 Sandblast                Erth           6%         2d5       13%         1
 Passwall                 Tmut/Erth      2%         N/A       21%         2
 Fulminant Prism          Conj/Hex       7%         3d7       38%         4
 Iskenderun's Mystic Bla  Conj/Tloc      15%        2d5       38%         4
 Petrify                  Tmut/Erth      3%         N/A       78%         4
 Lee's Rapid Deconstruct  Erth           1%         3d5*      98%         5


Dungeon Overview and Level Annotations

Branches:
Dungeon (5/15)
 Temple: D:4-7

Altars:
Sif Muna
Trog

Shops:
D:3 *

Annotations:
D:5 Pikel


Message History

You finish channeling your searing ray.
Pikel hits you with a +0 whip of freezing.
Pikel freezes you.
Unknown command.
Casting: Searing Ray (safe; 1% risk of failure)
Confirm with . or Enter, or press ? or * to list all spells.
Aiming: Searing Ray (safe; 1% risk of failure)
Press: ? - help, Shift-Dir - straight line, f/p - Pikel
Aim: Pikel, wielding a +0 whip of freezing, wearing a +0 robe and carrying a wand of flame (1) (heavily wounded, 74% to hit)
The searing ray hits Pikel!
Pikel is heavily wounded. (Press . to maintain the ray.) Pikel hits you with a +0 whip of freezing!
Pikel freezes you.
The searing ray hits Pikel.
Pikel is severely wounded.
Pikel hits you with a +0 whip of freezing!
Pikel freezes you.
Unknown command.
Without enough magic to sustain it, your searing ray dissipates.
Pikel zaps a wand.
The puff of flame hits you!
* * * LOW HITPOINT WARNING * * *
The now-empty wand crumbles to dust.
Unknown command.
Okay, then.
Okay, then.
You feel better.
Pikel hits you with a +0 whip of freezing.
* * * LOW HITPOINT WARNING * * *
Pikel freezes you.
* * * LOW HITPOINT WARNING * * *
You barely miss Pikel.
Pikel is severely wounded.
You barely miss Pikel.
Pikel is severely wounded.
Pikel barely misses you.
You hit Pikel but do no damage.
Pikel is severely wounded.
Pikel hits you with a +0 whip of freezing!
You die...

## #### #. ..# #.
#.#
#.####.#####...
#.#@...<.....#
#..#K#.####### #.
#.###..# #.
#..#...# #.
###.#### ####.
#.###### #....
#....5.# #####....
#.####.# .....K..5
#.####.##...5.....


You could see Pikel.

Vanquished Creatures
  An ogre (D:5)
  A lemure (D:5)
  A bullfrog skeleton (D:4)
  A hound (D:4)
  An orc priest (D:2)
  2 orc wizards (D:4)
  A howler monkey skeleton (D:4)
  5 adders
  An adder skeleton (D:4)
  8 orcs
  4 bats
  6 endoplasms
  A giant cockroach (D:1)
  10 goblins
  11 hobgoblins
  5 jackals
  2 quokkas
  3 ball pythons
  4 frilled lizards
  9 kobolds
  9 rats
86 creatures vanquished.

Notes
Turn   | Place    | Note
-------+----------+-------------------------------------------
     0 | D:1      | Zonian the Human Conjurer began the quest for the Orb.
     0 | D:1      | Reached XP level 1. HP: 13/13 MP: 3/3
   381 | D:1      | Reached XP level 2. HP: 19/19 MP: 1/5
   384 | D:1      | Learned a level 2 spell: Searing Ray
   939 | D:1      | Reached XP level 3. HP: 24/24 MP: 1/6
  1590 | D:1      | Found a faded altar of an unknown god.
  1595 | D:1      | Became a worshipper of Sif Muna the Loreminder
  1595 | D:1      | Reached * piety under Sif Muna
  2277 | D:2      | Reached XP level 4. HP: 28/31 MP: 1/7
  2664 | D:2      | Reached skill level 1 in Short Blades
  2749 | D:2      | You fall into a shaft and drop 1 floor!
  2813 | D:3      | Reached ** piety under Sif Muna
  3097 | D:3      | Found Qiaduvos's Assorted Antiques.
  3398 | D:2      | Reached XP level 5. HP: 31/36 MP: 2/9
  5610 | D:4      | Reached skill level 5 in Conjurations
  5878 | D:4      | Reached XP level 6. HP: 42/42 MP: 5/10
  6630 | D:4      | Found a bloodstained altar of Trog.
  7256 | D:5      | Entered Level 5 of the Dungeon
  7256 | D:5      | Noticed Pikel
  7295 | D:5      | Noticed an ogre
  7301 | D:5      | Killed an ogre
  7302 | D:5      | Reached XP level 7. HP: 47/47 MP: 5/12
  7476 | D:5      | Slain by Pikel

Illustrated notes

Levels and vault maps discovered:
D:1:      dpeg_arrival_oval, layout_basic, ebering_ecumenical_altar_box,
          moated_statue, minivault_11, chequers_decorated_corner
D:2:      cheibrodos_pilgrimage, layout_loops_ring
D:3:      layout_loops_ring, serial_shops, shop, dk_vineyard_2,
          minmay_misc_feat_nine_boxes
D:4:      layout_rooms, old_standard_altar
D:5:      layout_loops_cross, kennysheep_cross_room, feat_on_display, uniq_ijyb,
          uniq_duvessa, uniq_pikel

Skill      XL: |  1  2  3  4  5  6 |
---------------+-------------------+-----
Short Blades   | 1 |  1.7
Spellcasting   | 3 |  3.8
Conjurations   | 5 |  5.7
Stealth        | 3 |  3.0
Fighting       | |  0.7
Dodging        | |  2.7

Action                   |  1- 3 |  4- 6 |  7- 9 || total
-------------------------+-------+-------+-------++-------
Melee: Dagger            |    48 |    31 |     3 ||    82
 Cast: Magic Dart        |    62 |    96 |       ||   158
       Searing Ray       |     1 |     4 |     3 ||     8
  Use: Scroll            |       |    10 |       ||    10
       Potion            |       |     1 |     1 ||     2
 Stab: Sleeping          |       |     1 |       ||     1
Armor: Robe              |    20 |       |       ||    20
Dodge: Dodged            |    40 |    21 |     4 ||    65

Table legend: (Time is in decaauts)
 A = Elapsed time spent in this place.
 B = Non-inter-level travel time spent in this place.
 C = Inter-level travel time spent in this place.
 D = Time resting spent in this place.
 E = Time spent auto-exploring this place.
 F = Levels seen in this place.
 G = Mean time per level.
                   A        B        C        D        E       F      G
               +--------+--------+--------+--------+--------+-----+--------+
         Total |   7476 |   7325 |    151 |   3893 |   2707 |   5 | 1495.2 |
       Dungeon |   7476 |   7325 |    151 |   3893 |   2707 |   5 | 1495.2 |
               +--------+--------+--------+--------+--------+-----+--------+

Top non-repeatable levels by time:
     D:1: 2200 daAuts
     D:3: 1894 daAuts
     D:4: 1822 daAuts
     D:2: 1499 daAuts
     D:5: 59 daAuts
